 Dungeon Crawl Stone Soup version 0.26-a0-708-g17f3b190f9 (webtiles) character file.

Game seed: 9898162894177436778

630 marklar909 the Chopper (level 7, -1/61 HPs)
             Began as a Hill Orc Monk on Oct 30, 2020.
             Was a Priest of Nemelex Xobeh.
             Slain by Duvessa the steam dragon (6 damage)
             ... on level 6 of the Dungeon.
             The game lasted 00:07:17 (5198 turns).

marklar909 the Chopper (Hill Orc Monk)              Turns: 5198, Time: 00:07:18

Health: -1/61      AC:  8    Str: 16    XL:     7   Next: 48%
Magic:  9/9        EV: 12    Int: 16    God:    Nemelex Xobeh [***...]
Gold:   236        SH:  0    Dex: 13    Spells: 6/6 levels left

rFire    . . .     SeeInvis .   a - +2 hand axe
rCold    + . .     Faith    .   (no shield)
rNeg     . . .     Spirit   .   g - +0 ring mail
rPois    .         Reflect  .   (no helmet)
rElec    .         Harm     .   m - +0 cloak
rCorr    .         Rampage  .   n - +0 pair of gloves
MR       .....                  (no boots)
Stlth    +.........             (no amulet)
HPRegen  0.20/turn              e - ring of protection from cold
MPRegen  0.11/turn              t - +6 ring of intelligence

@: no status effects
A: no striking features
a: Draw Escape, Draw Destruction, Draw Summoning, Triple Draw, Renounce Religion


You were on level 6 of the Dungeon.
You worshipped Nemelex Xobeh.
Nemelex Xobeh was most pleased with you.
You visited 1 branch of the dungeon, and saw 6 of its levels.

You collected 236 gold pieces.

Inventory:

Hand Weapons
 a - a +2 hand axe (weapon)
Armour
 g - a +0 ring mail (worn)
 m - a +0 cloak (worn)
 n - a +0 pair of gloves (worn)
Jewellery
 e - a ring of protection from cold (left hand)
 t - a +6 ring of intelligence (right hand)
Scrolls
 b - a scroll of magic mapping {unknown}
 h - a scroll of identify
 o - a scroll of remove curse
 q - 2 scrolls of fear
 s - 4 scrolls of teleportation
 x - a scroll of amnesia
Potions
 c - a potion of magic
 d - a potion of resistance {unknown}
 i - a potion of brilliance {unknown}
 j - 2 potions of lignification
 k - 2 potions of curing
 l - a potion of haste {unknown}
 p - a potion of stabbing {unknown}
 r - a potion of mutation {unknown}
 u - a potion of might {unknown}
 v - a potion of degeneration {unknown}
 w - 2 potions of flight {unknown}


   Skills:
 + Level 5.0 Fighting
 + Level 7.7 Axes
 + Level 3.4 Armour
 + Level 3.2 Dodging
 + Level 1.9 Stealth
 * Level 3.3 Invocations


You had 6 spell levels left.
You didn't know any spells.
Your spell library contained the following spells:

 Spells                   Type           Power        Failure   Level
 Freeze                   Ice            #...         43%         1
 Ensorcelled Hibernation  Hex/Ice        #.....       56%         2
 Frozen Ramparts          Ice            #.....       80%         3
 Hailstorm                Conj/Ice       #.......     99%         4
 Summon Ice Beast         Ice/Summ       #.......     99%         4
 Simulacrum               Ice/Necr       #.........   100%        6


Dungeon Overview and Level Annotations

Branches:
Dungeon (6/15)
 Temple: D:4-7

Altars:
Cheibriados
Dithmenos
Nemelex Xobeh
Xom

Annotations:
D:3 3 runed translucent doors, Brodoth's ghost, amateur MiBe
D:6 Duvessa


Message History

You hear a shout!
Unknown command.
You hit Duvessa.
Duvessa is almost dead.
You hit the bullfrog skeleton.
You are engulfed in a cloud of scalding steam.
* * * LOW HITPOINT WARNING * * *
The bullfrog skeleton is no longer dazed.
Duvessa breathes steam at you. The ball of steam hits you!
* * * LOW HITPOINT WARNING * * *
The bullfrog skeleton is engulfed in a cloud of scalding steam.
The bullfrog skeleton closely misses you.
You feel better.
You are engulfed in a cloud of scalding steam.
* * * LOW HITPOINT WARNING * * *
The bullfrog skeleton barely misses you.
Duvessa bites you.
You die...
Your body disappears without a glow.

############# .
#...........#
.##?..........#
$.........(....
#...)........
#...§§Z......
#.§§.@D......
#...<.....).?
#............
###########.. .


You could see Duvessa the steam dragon (catching breath, misshapen) and a
bullfrog skeleton.

Vanquished Creatures
  An ice beast (D:5)
  Dowan (D:6)
  An iguana (D:5)
  2 worker ants (D:4)
  2 hound skeletons (D:5)
  A worker ant zombie (D:4)
  5 adders
  3 oozes
  A worm (D:3)
  3 dart slugs
  4 leopard geckos
  An orc (D:5)
  2 ball pythons
  7 bats
  6 giant cockroaches
  8 goblins
  8 hobgoblins
  9 jackals
  5 kobolds
  2 quokkas (D:2)
  A frilled lizard (D:1)
  A leopard gecko skeleton (D:4)
  5 rats
79 creatures vanquished.

Vanquished Creatures (collateral kills)
  A centaur (D:5)
  A gnoll sergeant (D:5)
  A hobgoblin (D:5)
  A ball python (D:5)
4 creatures vanquished.

Vanquished Creatures (others)
  A centaur (D:5)
  A bullfrog skeleton (D:6)
2 creatures vanquished.

Grand Total: 85 creatures vanquished

Notes
Turn   | Place    | Note
-------+----------+-------------------------------------------
     0 | D:1      | marklar909 the Hill Orc Monk began the quest for the Orb.
     0 | D:1      | Reached XP level 1. HP: 19/19 MP: 1/1
   101 | D:1      | Reached XP level 2. HP: 22/27 MP: 2/2
   778 | D:1      | Reached XP level 3. HP: 33/33 MP: 3/3
  1340 | D:2      | Found a shimmering altar of Xom.
  1642 | D:2      | Found a sparkling altar of Nemelex Xobeh.
  1646 | D:2      | Reached skill level 5 in Axes
  1653 | D:2      | Became a worshipper of Nemelex Xobeh the Trickster
  1653 | D:2      | Reached * piety under Nemelex Xobeh
  1653 | D:2      | Received a gift from Nemelex Xobeh
  1653 | D:2      | Reached ** piety under Nemelex Xobeh
  1770 | D:2      | Received a gift from Nemelex Xobeh
  2005 | D:2      | Reached XP level 4. HP: 40/40 MP: 4/4
  2255 | D:3      | Found a runed translucent gate.
  2255 | D:3      | Found a runed translucent gate.
  2255 | D:3      | Found a runed translucent gate.
  2257 | D:3      | Noticed a big kobold
  2257 | D:3      | Noticed Brodoth's ghost (amateur MiBe)
  2258 | D:3      | Noticed a big kobold
  2713 | D:3      | Reached skill level 1 in Armour
  3260 | D:4      | Found a sparkling altar of Nemelex Xobeh.
  3630 | D:4      | Reached skill level 1 in Invocations
  3630 | D:4      | Reached XP level 5. HP: 35/47 MP: 5/5
  3752 | D:4      | Received a gift from Nemelex Xobeh
  4005 | D:4      | Found a shadowy altar of Dithmenos.
  4017 | D:4      | Found a snail-covered altar of Cheibriados.
  4270 | D:5      | Entered Level 5 of the Dungeon
  4273 | D:5      | Reached *** piety under Nemelex Xobeh
  4409 | D:5      | Reached skill level 6 in Axes
  4413 | D:5      | Noticed a centaur
  4427 | D:5      | HP: 2/47 [iguana (1)]
  4431 | D:5      | Killed a centaur
  4431 | D:5      | Reached XP level 6. HP: 14/53 MP: 7/7
  4694 | D:5      | Reached XP level 7. HP: 53/60 MP: 9/9
  4861 | D:5      | Received a gift from Nemelex Xobeh
  4959 | D:5      | Identified the Collected Works on the Glacier
  4995 | D:5      | Reached skill level 5 in Fighting
  4995 | D:5      | Reached skill level 7 in Axes
  5189 | D:6      | Noticed Duvessa
  5189 | D:6      | Noticed Dowan
  5190 | D:6      | Killed Dowan
  5193 | D:6      | Noticed Duvessa
  5193 | D:6      | Duvessa changed into Duvessa the steam dragon
  5197 | D:6      | HP: 1/61 [Duvessa the steam dragon/ball of steam (11)]
  5198 | D:6      | Slain by Duvessa the steam dragon

Illustrated notes

Levels and vault maps discovered:
D:1:      ncdulo_wetmaze, layout_loops_cross
D:2:      layout_loops_corners, overflow_temple_1_default, xom_teletrap_fun,
          kennysheep_cluttered_room
D:3:      layout_basic, gammafunk_ghost_nasty_kobolds
D:4:      layout_basic, amethyst_overflow_temple_binary,
          nemelex_xobeh_ov_fountains_minmay
D:5:      layout_cave_pools, serial_column_ruins, column_ruins_grid_2,
          column_ruins_grid_3, column_ruins_corridor_straight,
          column_ruins_grid_1, eino_tiny_chamber, kennysheep_generic_room_11
D:6:      layout_basic, minmay_temple_entry_poolview, chequers_jeans,
          serial_park_tiny_1, uniq_duvessa

Skill      XL: |  1  2  3  4  5  6  7 |
---------------+----------------------+-----
Fighting       | 4 5 |  5.0
Axes           | 5 6 7 |  7.7
Armour         | 2 3 |  3.4
Invocations    | 1 2 3 |  3.3
Dodging        | 3 |  3.2
Stealth        | |  1.9

Action                   |  1- 3 |  4- 6 |  7- 9 || total
-------------------------+-------+-------+-------++-------
Melee: Hand axe          |   118 |   157 |    26 ||   301
Invok: Draw Destruction  |       |     8 |     4 ||    12
       Draw Escape       |       |     4 |     1 ||     5
       Draw Summoning    |       |     1 |       ||     1
  Use: Scroll            |       |     4 |     6 ||    10
       Potion            |       |     2 |     1 ||     3
 Stab: Sleeping          |     4 |       |       ||     4
Armor: Robe              |     9 |       |       ||     9
       Ring mail         |    29 |    69 |    12 ||   110
Dodge: Dodged            |    77 |   102 |    14 ||   193

Table legend: (Time is in decaauts)
 A = Elapsed time spent in this place.
 B = Non-inter-level travel time spent in this place.
 C = Inter-level travel time spent in this place.
 D = Time resting spent in this place.
 E = Time spent auto-exploring this place.
 F = Levels seen in this place.
 G = Mean time per level.
                   A        B        C        D        E       F      G
               +--------+--------+--------+--------+--------+-----+--------+
         Total |   5210 |   5001 |    209 |    707 |   3616 |   6 |  868.3 |
       Dungeon |   5210 |   5001 |    209 |    707 |   3616 |   6 |  868.3 |
               +--------+--------+--------+--------+--------+-----+--------+

Top non-repeatable levels by time:
     D:1: 1160 daAuts
     D:3: 1088 daAuts
     D:2: 1029 daAuts
     D:4: 1007 daAuts
     D:5: 917 daAuts
     D:6: 8 daAuts
